 Dungeon Crawl Stone Soup version bcrawl-1.36.2 (webtiles) character file.

Game seed: 4729721809156009322

86511 Morbidden the Sneak (level 3, 0/30 HPs)
             Began as a Vine Stalker Archaeologist on May 20, 2022.
             Slain by an adder (2 damage)
             ... on level 2 of the Dungeon.
             The game lasted 00:01:59 (1687 turns).

Morbidden the Sneak (Vine Stalker Archaeologist)    Turns: 1687, Time: 00:02:00

Health: 0/30       AC: 21    Str: 13    XL:     3   Next: 29%
Magic:  4/4        EV:  1    Int: 14    God:
Gold:   136        SH:  0    Dex: 13    Spells: 2/2 levels left

rFire    . . .     SeeInvis .   a - +0 dagger
rCold    . . .     Gourm    .   (no shield)
rNeg     + + +     Faith    .   (armour currently unavailable)
rPois    +         Spirit   .   (helmet currently unavailable)
rElec    .         Reflect  .   (cloak currently unavailable)
rCorr    .         NoTele   +   (gloves currently unavailable)
MR       .....                  (boots currently unavailable)
Stlth    +++.......             (no amulet)
HPRegen  0.50/turn              (no ring)
MPRegen  0.09/turn              (no ring)

@: lethally poisoned (0 -> 0), tree-form
A: giant, regeneration 1, no potion heal 3, rot immunity
a: no special abilities


You were on level 2 of the Dungeon.
You were hungry.
You were a tree.
You visited 1 branch of the dungeon, and saw 3 of its levels.

You collected 136 gold pieces.

Inventory:

Hand Weapons
 a - a +0 dagger (weapon)
 b - a +0 blowgun
Missiles
 f - 6 curare-tipped needles
 i - 60 poisoned needles
Armour
 d - a +1 hat (melded)
 j - a +1 pair of boots (melded)
 l - a +0 leather armour (melded)
Jewellery
 r - the ring of Ostreg {Ice Int+2}
   (You found it on level 2 of the Dungeon)

   [ring of ice]

   It enhances your ice magic.
   It affects your intelligence (+2).
   It makes you vulnerable to fire.
   It protects you from cold.
Scrolls
 c - a scroll of enchant weapon {unknown}
 g - a scroll of magic mapping
 p - a scroll of immolation {unknown}
 q - a scroll of remove curse {unknown}
 A - a scroll of teleportation {unknown}
Potions
 m - a potion of cancellation {unknown}
 n - a potion of haste {unknown}
Miscellaneous
 h - a dusty tome
Comestibles
 e - 3 rations {!d}
 o - a chunk of flesh


   Skills:
 * Level 1.1 Fighting
 * Level 0.6 Short Blades
   Level 0.8 Maces & Flails
 * Level 0.7 Armour
 * Level 3.9 Dodging
 + Level 4.8 Stealth


You had 2 spell levels left.
You didn't know any spells.
Your spell library was empty.

Dungeon Overview and Level Annotations

Branches:
Dungeon (3/12)

Altars:
Ashenzari


Innate Abilities, Weirdness & Mutations

((You have extremely sharp teeth.))
Your natural rate of healing is unusually fast.
Potions cannot restore your health.
You are immune to rotting.
((Your bites deal extra damage.))


Message History

No path to travel!
You miss the adder.
The adder is heavily wounded.
The adder bites you but does no damage.
No path to travel!
You closely miss the adder.
The adder is heavily wounded.
You feel sick.
The adder bites you but does no damage. x2
No path to travel!
You closely miss the adder.
The adder is heavily wounded.
You feel sick. The adder bites you but does no damage.
You miss the adder.
The adder is heavily wounded.
The adder bites you but does no damage.
No path to travel!
You barely miss the adder.
The adder is heavily wounded.
You feel sick. The adder bites you but does no damage. The adder bites you.
You die...

######### ##.......# #
#.o.o....## # ##.##S##...###
# ###..#♣..#.....# #
#..............# ###
#####..##....####..# #..
#.....#⌠.##'##.⌠#..######..
#.....#.........#..........
#..#####.........###.####.#
##).#...#.......#........#.#
#>..#...'..._...'...#.......
#.#.#...#..÷....#...#..#.#.#


You could see an adder and an orc.

Vanquished Creatures
  A worm (D:2)
  2 leopard geckos (D:2)
  An orc (D:2)
  2 ball pythons
  6 bats
  3 hobgoblins
  A frilled lizard (D:1)
  4 goblins (D:1)
  5 kobolds
  3 rats
28 creatures vanquished.

Notes
Turn   | Place    | Note
-------+----------+-------------------------------------------
     0 | D:1      | Morbidden the Vine Stalker Archaeologist began the quest
                  | for the Orb.
     0 | D:1      | Reached XP level 1. HP: 11/11 MP: 2/2
   443 | D:1      | Reached XP level 2. HP: 16/16 MP: 3/3
   991 | D:2      | Reached skill level 1 in Fighting
  1324 | D:2      | Found a shattered altar of Ashenzari.
  1341 | D:2      | Reached XP level 3. HP: 14/20 MP: 4/4
  1454 | D:2      | Got a fine bronze ring
  1455 | D:2      | Identified the ring of Ostreg {Ice Int+2} (You found it on
                  | level 2 of the Dungeon)
  1687 | D:2      | Slain by an adder

Skill      XL: |  1  2 |
---------------+-------+-----
Fighting       | 1 |  1.1
Short Blades   | |  0.6
Maces & Flails | |  0.8
Armour         | |  0.7
Dodging        | |  3.9
Stealth        | |  4.8

Action                   || total
-------------------------++-------
Melee: Dagger            ||   129
       Unarmed           ||     8
       Bite              ||    10
  Use: Scroll            ||     2
       Potion            ||     1
 Stab: Sleeping          ||     6
  Eat: Chunk             ||     5
Armor: Leather armour    ||    39
       Robe              ||     7
       Skin              ||     9
Dodge: Dodged            ||    76
